Cogmind - Beta 14 @@@ ROGUE MODE // 2025.04.25 @ 04:20:40 Player: BVrutally Odd Result: Destroyed by YI-UF0 with YI-UF0's Doublenader Performance ------------- Evolutions (0) 0 Regions Visited (2) 400 Robots Destroyed (26) 130 Value Destroyed (635) 635 Prototype IDs (0) 0 Alien Tech Used (0) 0 Bonus (0) 0 TOTAL SCORE: 1165 Bonus ------- None Cogmind --------- Core Integrity 0/250 Matter 295/300 Energy 75/100 System Corruption 1% Temperature Warm (134) Movement Core (450) Ox8 Location -10/Mines Parts ------- > --- POWER (1) -------- (None) > --- PROPULSION (2) --- (None) > --- UTILITY (2) ------ Large Storage Unit Light Armor Plating > --- WEAPON (2) ------- Particle Gun > --- INVENTORY (15) --- Ion Engine Light Nuclear Core Light Treads Light Treads Light Treads Light Treads Light Treads Aluminum Leg Improved Heat Sink Signal Interpreter Weapon Shielding Weapon Shielding Medium Laser Peak State ------------ > --- POWER ------------ Ion Engine > --- PROPULSION ------- Aluminum Leg Aluminum Leg > --- UTILITY ---------- Improved Heat Sink Small Storage Unit > --- WEAPON ----------- Medium Laser Assault Rifle > --- INVENTORY -------- Ion Engine Light Nuclear Core Light Treads Light Treads Wheel Compact Wheel Medium Laser Light Assault Rifle [Rating: 10] Favorites ----------- Power Ion Engine Engine Ion Engine Propulsion Light Treads Treads Light Treads Leg Aluminum Leg Utility Targeting Computer Device Improved Heat Sink Storage Large Storage Unit Processor Targeting Computer Protection Light Armor Plating Weapon Medium Laser Energy Gun Medium Laser Ballistic Gun Assault Rifle Build | -11 -10 -10 ------- Run | Yrd Mat Min Slots Evolved . | . . . Power . | . . . Propulsion . | . . . Utility . | . . . Weapon . | . . . Parts Attached 17 | 6 9 2 Power 2 | 1 1 . Engine 2 | 1 1 . Core . | . . . Reactor . | . . . Propulsion 5 | 2 3 . Treads 3 | . 3 . Leg 2 | 2 . . Wheel . | . . . Hover . | . . . Flight . | . . . Utility 6 | 1 4 1 Device 1 | . 1 . Storage 3 | 1 2 . Processor 1 | . 1 . Hackware . | . . . Protection 1 | . . 1 Artifact . | . . . Weapon 4 | 2 1 1 Energy Gun 2 | 1 . 1 Energy Cannon . | . . . Ballistic Gun 2 | 1 1 . Ballistic Cannon . | . . . Launcher . | . . . Special Weapon . | . . . Impact Weapon . | . . . Slashing Weapon . | . . . Piercing Weapon . | . . . Special Melee Weapon . | . . . Unidentified Prototypes . | . . . Parts Lost 6 | . 1 5 Power 1 | . . 1 Propulsion 2 | . . 2 Utility . | . . . Weapon 3 | . 1 2 Highest Loss Streak 5 | . 1 5 To Critical Strikes . | . . . Average Slot Usage (%) 98 | . 99 98 Engine 13 | . 14 13 Treads 24 | . 24 27 Leg 3 | . 3 . Storage 14 | . 14 14 Processor 12 | . 12 13 Energy Gun 14 | . 14 14 Ballistic Gun 14 | . 14 14 Peak Build Rating 10 | 6 10 9 Average Rating 8 | 5 8 8 On Entrance 5 | . 6 9 Naked Turns . | . . . Heaviest Build 29 | 14 29 28 Greatest Support 40 | 20 40 40 Greatest Overweight (x) 2 | 2 . . Average Overweight (x) . | . . . Largest Inventory Capacity 15 | 8 15 15 Average Capacity 13 | 7 14 15 Most Carried 15 | 6 15 15 Average Carried 11 | 3 12 14 Final Capacity 15 | 8 15 15 Final Carried 15 | 6 15 13 Class Distribution -------------------- 100% | Mutant Dominant Class ---------------- Mutant | -10/Materials Mutant | -10/Mines Resources | -11 -10 -10 ----------- Run | Yrd Mat Min Matter Collected 531 | 281 244 6 Remotely . | . . . Salvage Created 1048 | 126 830 92 Parts 48 | 4 41 3 Haulers Intercepted 2 | . 2 . Recyclers Shooed 1 | . 1 . Parts Field Recycled . | . . . Retrieved Matter . | . . . Parts Self-Destructed . | . . . Prevented . | . . . Kills | -11 -10 -10 ------- Run | Yrd Mat Min Combat Hostiles Destroyed 19 | . 16 3 Guns 19 | . 16 3 Classes Destroyed 8 | 3 4 1 Worker 1 | 1 . . Tunneler 1 | 1 . . Hauler 2 | . 2 . Recycler 2 | 1 1 . Watcher 2 | . 2 . Swarmer 3 | . 3 . Grunt 15 | . 13 2 Assembled 1 | . . 1 Best Kill Streak 4 | 2 4 2 Combat Bots Only 3 | . 3 2 Max Kills in Single Turn 1 | 1 1 1 Gunslinging . | . . . Exploded . | . . . Melee . | . . . Uniques/NPCs Destroyed . | . . . Combat | -11 -10 -10 -------- Run | Yrd Mat Min Hostile Shots Fired 106 | . 76 30 Missed 27 | . 16 11 Damage Taken 1164 | . 651 513 Core 281 | . 155 126 Absorbed by Shields . | . . . Core Remaining (%) 100 | 100 . . Volleys Fired 86 | 7 67 12 Largest 2 | 2 2 2 Hottest 85 | 70 70 85 Shots Fired 170 | 14 133 23 Gun 170 | 14 133 23 Cannon . | . . . Launcher . | . . . Special . | . . . Kinetic 84 | 7 66 11 Thermal 86 | 7 67 12 Explosive . | . . . Electromagnetic . | . . . Robot Hit Streak 15 | 5 15 3 Robot Miss Streak 3 | 1 3 3 Penetration Max . | . . . Secondary Targets 2 | . 2 . Max Gunslinging Chain 1 | . 1 . Shots Hit Robots 116 | 9 92 15 Core Hits 51 | 4 40 7 Critical Kills 1 | . . 1 Critical Parts Destroyed . | . . . Critical Strikes 4 | 1 2 1 Burn 3 | 1 2 . Destroy 1 | . . 1 Melee Attacks . | . . . Impact . | . . . Slashing . | . . . Piercing . | . . . Sneak Attacks . | . . . Combat Hostiles . | . . . Follow-up Attacks . | . . . Damage Inflicted 1418 | 124 1113 181 Guns 1414 | 124 1113 177 Cannons . | . . . Explosions . | . . . Melee . | . . . Ramming 4 | . . 4 Kinetic 607 | 49 481 77 Thermal 807 | 75 632 100 Explosive . | . . . Electromagnetic . | . . . Impact . | . . . Slashing . | . . . Piercing . | . . . Highest Corruption 1 | . 1 1 Average Corruption 1 | . 1 1 Corruption Purged . | . . . Corruption Blocked . | . . . Effects 2 | . 1 1 Message Errors 1 | . 1 . Weapon Failures 1 | . . 1 Overload Shots . | . . . Overflow Damage . | . . . Projectiles . | . . . Explosions . | . . . Melee . | . . . Knockbacks . | . . . Impact . | . . . Kinetic . | . . . Secondary . | . . . Self-Inflicted Damage . | . . . Shots . | . . . Rammed 1 | . . 1 Targets Rammed 1 | . . 1 Kicked . | . . . Crushed . | . . . Highest Temperature 190 | 18 190 134 Average Temperature 40 | 8 42 48 Received Heat Transfer 357 | . 306 51 Siege Activations . | . . . Robots Corrupted . | . . . Combat Hostiles . | . . . Parts Fried . | . . . Impact Corruptions . | . . . Robots Melted . | . . . Combat Hostiles . | . . . Parts Melted 3 | 1 2 . Heat Transferred 2590 | 296 2035 259 Parts Sabotaged . | . . . Parts Stolen . | . . . Parts Stripped . | . . . Power Chain Reactions . | . . . Alert | -11 -10 -10 ------- Run | Yrd Mat Min Peak Influence 291 | 15 291 135 Initial 85 | . 9 85 Average 121 | 2 132 112 Maximum Alert Level 1 | . 1 . Low Security (%) 72 | 100 66 100 Level 1 27 | . 33 . Level 2 . | . . . Level 3 . | . . . Level 4 . | . . . Level 5 . | . . . High Security . | . . . Max Security . | . . . Squads Dispatched 4 | . 4 . Investigation 4 | . 4 . Extermination . | . . . Reinforcement . | . . . Assault . | . . . Garrison . | . . . Intercept . | . . . Searches Triggered . | . . . Construction Impeded . | . . . Haulers Reinforced . | . . . Active Scanning Responses . | . . . Cargo Convoy Interrupts . | . . . Stealth | -11 -10 -10 --------- Run | Yrd Mat Min Distress Signals 2 | . 2 . Communications Jammed . | . . . Distress Signals . | . . . Times Spotted 31 | . 26 5 Peak Tracking Total 6 | . 6 3 Tactical Retreats 3 | . 3 . Traps | -11 -10 -10 ------- Run | Yrd Mat Min Traps Triggered 1 | . 1 . Indirectly . | . . . Trap Hack Attempts . | . . . Triggered . | . . . Disarmed 4 | . 4 . Reprogrammed . | . . . Reused . | . . . Traps Extracted . | . . . Installed . | . . . Triggered . | . . . Machines | -11 -10 -10 ---------- Run | Yrd Mat Min Machines Disabled . | . . . Max in Single Turn . | . . . Machines Repaired . | . . . Machines Dismantled . | . . . Machines Sabotaged . | . . . Overloaded Fab Kills . | . . . Hacking | -11 -10 -10 --------- Run | Yrd Mat Min Machines Accessed 10 | . 10 . Terminals 8 | . 8 . Fabricators . | . . . Repair Stations . | . . . Recycling Units 2 | . 2 . Scanalyzers . | . . . Garrison Access . | . . . Total Hacks 18 | . 18 . Successful 13 | . 13 . Failed 5 | . 5 . Catastrophic . | . . . Database Lockouts . | . . . Manual 12 | . 12 . Terminals 16 | . 16 . Fabricators . | . . . Repair Stations . | . . . Recycling Units 2 | . 2 . Scanalyzers . | . . . Garrison Access . | . . . Terminal Hacks 4 | . 4 . Robot Analysis 1 | . 1 . Unreport Threat 1 | . 1 . Disarm Traps 1 | . 1 . Hauler Manifests 1 | . 1 . Fabricator Hacks . | . . . Repair Station Hacks . | . . . Recycling Unit Hacks . | . . . Scanalyzer . | . . . Garrison Access Hacks . | . . . Unauthorized Hacks 9 | . 9 . Terminals 7 | . 7 . Operators 1 | . 1 . Skim 5 | . 5 . Search 1 | . 1 . Fabricators . | . . . Repair Stations . | . . . Recycling Units 2 | . 2 . Tunnel 2 | . 2 . Scanalyzers . | . . . Garrison Access . | . . . Data Cores Recovered . | . . . Used . | . . . Hacking Detections 5 | . 5 . Full Trace Events 1 | . 1 . Feedback Events . | . . . Feedback Blocked . | . . . Robot Schematics Acquired . | . . . Robots Built . | . . . Authchips . | . . . Time . | . . . Total Robot Build Rating . | . . . Part Schematics Acquired . | . . . Parts Built . | . . . Authchips . | . . . Time . | . . . Total Part Build Rating . | . . . Parts Repaired . | . . . Time . | . . . Parts Recycled . | . . . Recycled Matter . | . . . Retrieved Matter . | . . . Retrieved Components . | . . . Parts Scanalyzed . | . . . Part Schematics Acquired . | . . . Parts Damaged . | . . . Bothacking | -11 -10 -10 ------------ Run | Yrd Mat Min Used RIF Installer . | . . . Robots Hacked . | . . . Non-combat . | . . . Combat . | . . . Robot Hacks Applied . | . . . Relay Couplers Released . | . . . Fabnet Peak Effective % . | . . . Robots Rewired . | . . . Allies Hacked . | . . . Hacks Repelled . | . . . Allies | -11 -10 -10 -------- Run | Yrd Mat Min Total Allies . | . . . Largest Group . | . . . Highest-Rated Group . | . . . Highest-Rated Ally . | . . . Total Orders . | . . . Ally Attacks . | . . . Total Damage . | . . . Kills . | . . . Allies Corrupted . | . . . Allies Melted . | . . . Intel | -11 -10 -10 ------- Run | Yrd Mat Min Robot Analysis Total 1 | . 1 . Derelict Logs Recovered . | . . . Drone Launches . | . . . Drone Recoveries . | . . . Exploration | -11 -10 -10 ------------- Run | Yrd Mat Min Turns Passed 1668 | 115 1381 172 Spaces Moved 851 | 67 718 66 Core 10 | 10 . . Treads 676 | . 610 66 Legs 165 | 57 108 . Wheels . | . . . Hover . | . . . Flight . | . . . Fastest Speed 50 | 50 120 160 Average Speed 151 | 118 153 160 Slowest Speed 160 | 150 160 160 Overloaded Moves . | . . . Propulsion Burnouts . | . . . Robots Hopped . | . . . Cave-ins Triggered . | . . . Exploration Rate (%) 37 | 4 97 12 Regions Visited 2 Branch Regions 1 Pre-discovered Areas 2 | . 2 . Known Exits Taken . | . . . Unknown Exits Taken 2 | 1 1 . Scrap Searched . | . . . Spaces Dug . | . . . Terrain Destroyed . | . . . Melee . | . . . Projectile . | . . . AOE . | . . . Terrain Rammed . | . . . Walls Destroyed . | . . . Machines Disabled . | . . . Actions | -11 -10 -10 --------- Run | Yrd Mat Min Total 1061 | 85 866 110 Wait 80 | . 51 29 Move 849 | 66 717 66 Hop . | . . . Pick Up 20 | 6 14 . Fast Attach 7 | 6 1 . Attach 2 | . 1 1 Detach . | . . . Swap 8 | . 7 1 Drop 8 | . 8 . Fire 86 | 7 67 12 Melee . | . . . Ram . | . . . Kick . | . . . Crush 1 | . . 1 Escape Stasis . | . . . Rewire . | . . . Trap . | . . . Miscellaneous . | . . . Route ------- -11/Scrapyard -10/Materials (discovered 6 exits: *Mat x3 / [*Min x2] / [*Sub]) -10/Mines (discovered 2 exits: *Mat x2) History --------- Turn | Location | Event 8 | -11/Scrapyard | Discovered new exit (range 16) 116 | -11/Scrapyard | Entered Materials 290 | -10/Materials | Discovered new exit (range 14) 324 | -10/Materials | Build established: Mutant 392 | -10/Materials | Discovered new exit (range 7) 593 | -10/Materials | Discovered new exit (range 4) 743 | -10/Materials | Discovered new exit (range 14) 1252 | -10/Materials | Discovered new exit (range 7) 1324 | -10/Materials | Core integrity fell below 50% 1360 | -10/Materials | Discovered new exit (range 8) 1407 | -10/Materials | Learned Storage trap positions 1459 | -10/Materials | Learned 2 Storage zone layouts 1497 | -10/Materials | Entered Mines 1498 | -10/Mines | Assembled infested the area 1498 | -10/Mines | Identified exit to Materials 1664 | -10/Mines | Core integrity fell below 20% 1669 | -10/Mines | Destroyed by YI-UF0 with YI-UF0's Doublenader Last Messages --------------- 01600_ System corrupted: Lgt. Assault Rifle jammed. 01605_ as-64998 destroyed. 01608_ Acquired 3 matter. 01619_ R-06 Scavenger collects Aluminum Leg. 01625_ R-06 Scavenger collects Heat Sink. 01640_ K-01 Serf cleans the Plasma Injector. 01652_ Ion Engine destroyed. 01653_ Discarded Targeting Computer. 01654_ The unstable cave ceiling collapses. 01654_ Med. Laser destroyed. 01655_ The unstable cave ceiling collapses. 01658_ Lgt. Treads destroyed. 01660_ YI-UF0 mumbles something. 01660_ The unstable cave ceiling collapses. 01665_ Lgt. Treads destroyed. 01667_ Lgt. Assault Rifle destroyed. 01668_ The unstable cave ceiling collapses. Map ----- +----------------------------------------------------+ | ???????????????????????????????????????????? | | ???????????????????????????????????????????? | | ???????????????????????????????????????????? | | ???????????????????????????????????????????? | | ???????????????????????????????????????????? | | ???????????????????????????????????????????? | | ???????????????????????????????????????????? | | ???????????????????????????????????????????? | | ???????????????????????????????????????????? | | ?????????????????####??????????????????????? | | ????????????????? ??????????????????????? | | ????????????????? < ""?????????????????????? | | ??????????????? """????????????????????? | | ??????????????# """ #??????????????????? | | ??????????????# #??????????????????? | | ??????????????# """ """ #??????????????????? | | ??????????????# """ """ #??????????????????? | | ??????????????# """ """ #??????????????????? | | ??????????????# ####???????????????? | | ??????????????# # ###?????????????? | | ??????????????# ###???????????? | | ??????????????##### ## #???????????? | | ??????????????????# # #???????????? | | ???????????????#### #???????????? | | ???????????????# % #???????????? | | ???????????????# # @ #???????????? | | ???????????????# ### # ##???????????? | | ???????????????# ??# #????????????? | | ???????????????# ? ##????????????? | | ???????????????# ?# ##?????????????? | | ??????????????# # g ##??????????????? | | ??????????????# %= #???????????????? | | ?????????????# #! # ##??????????????? | | ???????????# % # # # #??????????????? | | ???????????? ##### #??????????????? | | ????????????? ????? # #??????????????? | | ???????????? ? ?????? ## # #?????????????? | | ????????????????????# ?? #????????????? | | ????????????????????##?? # #????????????? | | ???????????????????????? ##????????????? | | ???????????????????????? ##?????????????? | | ???????????????????????? ##??????????????? | | ???????????????????????????????????????????? | | ???????????????????????????????????????????? | | ???????????????????????????????????????????? | | ???????????????????????????????????????????? | | ???????????????????????????????????????????? | | ???????????????????????????????????????????? | | ???????????????????????????????????????????? | | ???????????????????????????????????????????? | +----------------------------------------------------+ Best States ------------- Heat Dissipation 39 Energy Generation 10 Energy Capacity 250 Matter Stores 300 Matter Capacity 300 Sight Range 16 Terrain Scan Density 10 Armor Coverage 150 Evasion (%) 55 Targeting Accuracy 5 Recoil Reduction 2 Item Schematics ----------------- None Robot Schematics ------------------ None Fabricated ------------ Nothing Alien Tech Used ----------------- None Achievements -------------- None Challenges ------------ None Game ------ Seed NavigationCobblerShredder Manual? 0 Play Time 00:13:19 Cumulative 222.1 hours Start 2025.04.25 @ 04:09:34 End 2025.04.25 @ 04:20:40 Sessions 1 Manual Loads 0 Difficulty Rogue Special Mode None Game No. 104 Rogue 48 Adventurer 16 Explorer 40 Win Type - Total 31 Types 19/5/2/1/0/1/2/1/0 Lore% 83 Gallery% 87 Achievement% 80 Wizard Run 0 Options --------- Layout 2 ASCII 0 Keyboard 0 Movement Mouse Keybinds 0 Fullscreen 1 Font 32/Tamsyn Map View 50x44 Zoom Use 0% Tactical HUD 1 Map Filters NONE Filters NONE Steam 1 RUN: 3c621475-891f-4dc7-bcf3-40e66ad8734a